 Dungeon Crawl Stone Soup version 0.23.2 (webtiles) character file.

Game seed: 4872815300126443983

12833 Wartagan the Fighter (level 11, -3/148 HPs)
             Began as a Minotaur Berserker on Apr 7, 2019.
             Was a High Priest of Trog.
             Slain by Jorgrun
             ... wielding a +0 quarterstaff of crushing
              (7 damage)
             ... on level 1 of the Orcish Mines on Apr 8, 2019.
             The game lasted 02:59:54 (12745 turns).

Wartagan the Fighter (Minotaur Berserker)          Turns: 12745, Time: 03:00:04

Health: -3/148     AC: 19    Str: 28    XL:     11   Next: 67%
Magic:  10/10      EV:  7    Int:  4    God:    Trog [*****.]
Gold:   296        SH: 18    Dex: 17    Spells: 10/10 levels left

rFire    + . .     SeeInvis .   z - +4 flail
rCold    x . .     Gourm    .   Z - +0 large shield
rNeg     . . .     Faith    +   j - +1 plate armour
rPois    .         Spirit   .   (helmet restricted)
rElec    .         Reflect  .   X - +0 cloak
rCorr    .         Harm     .   B - +1 pair of gloves
MR       .....                  (no boots)
Stlth    ..........             C - amulet of faith
HPRegen  0.34/turn              H - +5 ring of dexterity
MPRegen  0.12/turn              o - ring of fire

@: berserking, grasped by roots, constricted, very quick
A: retaliatory headbutt, horns 2
a: Berserk, Trog's Hand, Brothers in Arms, Renounce Religion


You were on level 1 of the Orcish Mines.
You worshipped Trog.
Trog was extremely pleased with you.
You were hungry.

You visited 2 branches of the dungeon, and saw 11 of its levels.
You also visited: Sewer.

You collected 716 gold pieces.
You spent 420 gold pieces at shops.

Inventory:

Hand Weapons
 a - a +2 flail of protection
 q - a +0 hunting sling
 r - a +0 mace of crushing
 z - a +4 flail (weapon)
 A - a +4 glaive of chopping
 S - a +0 shortbow
 W - a +3 quarterstaff of chaos
 Y - the +5 trident "Kaestraokk" {elec, rPois rF- rC+ Int+4, unknown}
   (You found it on level 8 of the Dungeon)

   Occasionally, upon striking a foe, it will discharge some electrical energy
   and cause terrible harm.
   It affects your intelligence (+4).
   It makes you vulnerable to fire.
   It protects you from cold.
   It protects you from poison.
Missiles
 e - 218 stones
 i - 36 poisoned needles
 x - 3 tomahawks
 I - 16 sling bullets (quivered)
 K - 6 large rocks
 L - 248 arrows
 M - 7 poisoned javelins
 N - 50 bolts
 T - 6 steel javelins
Armour
 b - a +0 animal skin
 c - a +0 centaur barding
 d - a +0 shield of protection
 j - a +1 plate armour (worn)
 k - a +1 ring mail
 B - a +1 pair of gloves (worn)
 X - a +0 cloak (worn)
 Z - a +0 large shield (worn)
Jewellery
 o - a ring of fire (right hand)
 p - an uncursed ring of wizardry
 C - an amulet of faith (around neck)
 H - a +5 ring of dexterity (left hand)
 P - an uncursed amulet of the gourmand
 R - an uncursed amulet of magic regeneration
Wands
 g - a wand of scattershot (4)
 D - a wand of polymorph (6)
 V - a wand of flame (11)
Scrolls
 l - 5 scrolls of remove curse
 t - 3 scrolls of amnesia
 u - a scroll of noise
 w - a scroll of random uselessness
 y - 2 scrolls of identify
 F - a scroll of immolation
 Q - a scroll of fog {unknown}
 U - a scroll of blinking {unknown}
Potions
 f - 4 potions of lignification
 h - a potion of flight {unknown}
 m - 4 potions of degeneration
 s - 4 potions of agility
 v - 2 potions of brilliance
 E - a potion of curing
 G - a potion of magic {unknown}
 J - a potion of mutation {unknown}
 O - 2 potions of might
Comestibles
 n - 16 rations


   Skills:
 + Level 10.1 Fighting
   Level 4.4(7.1) Axes
 + Level 8.7(9.5) Maces & Flails
 - Level 3.3(6.4) Staves
 + Level 7.8 Throwing
 + Level 9.5 Armour
 + Level 8.9 Dodging
 * Level 8.1 Shields


You had 10 spell levels left.
You didn't know any spells.
Your spell library contained the following spells:

 Spells                   Type           Power        Failure   Level  Hunger
 Animate Skeleton         Necr           N/A          100%        1    ##.....
 Apportation              Tloc           #.....       100%        1    ##.....
 Confusing Touch          Hex            #.....       100%        1    ##.....
 Summon Small Mammal      Summ           #...         100%        1    ##.....


Dungeon Overview and Level Annotations

Branches:
Dungeon (10/15)            Temple (0/1) D:4             Orc (1/2) D:10
   Lair: D:8-11

Altars:
Nemelex Xobeh

Shops:
D:5 :   D:8 %

Annotations:
D:10 Sonja
Orc:1 Jorgrun


Innate Abilities, Weirdness & Mutations

You reflexively headbutt those who attack you in melee.
You have a pair of horns on your head.


Message History

The blast of rock fragments hits you but does no damage.
* * * LOW HITPOINT WARNING * * *
The grasping roots constrict you!
Unknown command.
Level annotation: Jorgrun Welcome back, Wartagan the Minotaur Berserker.
Trog says: Kill them all!
Press ? for a list of commands and other information.
Your ogre goes berserk!
You feel quite a bit more hungry. You block the orc warrior's attack.
Jorgrun hits you but does no damage.
* * * LOW HITPOINT WARNING * * *
The grasping roots constrict you!
A red film seems to cover your vision as you go berserk!
You feel yourself moving faster!
You feel mighty!
You are feeling hungry.
You block the orc warrior's attack.
Your ogre misses Jorgrun.
Jorgrun hits you with a +0 quarterstaff of crushing.
* * * LOW HITPOINT WARNING * * *
x2 You die...

##.# ...##
##
#.#..#.##
###.......#
#.........
.........#
..#....O.#
......g.##
#.@[#
##o..#
(.(..#
(...#..#
......#.#
...#...###
.##....##
.$ .....#


You could see Jorgrun, an orc warrior and a friendly ogre (berserk).

Vanquished Creatures
  Harold (D:8)
  Erica (D:8)
  2 two-headed ogres (D:9)
  Urug (D:10)
  An unseen horror (D:10)
  An orc knight (Orc:1)
  A centaur zombie (D:10)
  Joseph (D:7)
  Psyche (D:8)
  A gargoyle (D:10)
  4 hippogriffs
  2 hornets
  Sigmund (D:6)
  A vampire (D:10)
  A steam dragon (D:10)
  A soldier ant (D:10)
  A water moccasin (D:7)
  5 sky beasts
  4 ogres
  5 orc warriors
  An ice beast (D:6)
  A necrophage (D:10)
  4 centaurs
  A big kobold (D:10)
  5 bullfrogs
  A wyvern zombie (D:9)
  A wyvern skeleton (D:9)
  5 scorpions
  A water moccasin skeleton (D:8)
  5 wights (D:6)
  15 killer bees
  A howler monkey (D:6)
  7 crimson imps
  2 jellies
  A quasit (D:6)
  9 orc priests
  3 hounds
  3 bullfrog skeletons
  2 centaur skeletons
  13 orc wizards
  Crazy Yiuf (D:7)
  Jessica (D:3)
  7 iguanas
  11 worker ants
  2 howler monkey zombies (D:8)
  15 adders
  A shadow imp (D:6)
  2 adder skeletons
  2 adder zombies
  2 worms
  3 dart slugs
  4 leopard geckos
  69 orcs
  4 ball pythons (Sewer)
  14 bats
  4 giant cockroaches
  7 goblins
  13 hobgoblins
  4 jackals
  17 kobolds
  6 quokkas
  A ball python skeleton (D:3)
  8 frilled lizards
  3 jackal skeletons
  A jackal zombie (D:8)
  A quokka skeleton (D:5)
  A quokka zombie (D:5)
  3 rats
324 creatures vanquished.

Vanquished Creatures (collateral kills)
  3 orc warriors (D:10)
3 creatures vanquished.

Grand Total: 327 creatures vanquished

Notes
Turn   | Place    | Note
-------+----------+-------------------------------------------
     0 | D:1      | Wartagan the Minotaur Berserker began the quest for the
                  | Orb.
     0 | D:1      | Reached XP level 1. HP: 19/19 MP: 0/0
   125 | D:1      | Reached XP level 2. HP: 21/27 MP: 1/1
   273 | D:1      | Reached skill level 4 in Fighting
   405 | D:1      | Reached XP level 3. HP: 31/33 MP: 2/2
   406 | D:1      | Reached ** piety under Trog
  1855 | D:3      | Reached skill level 1 in Maces & Flails
  1886 | D:3      | Reached skill level 1 in Throwing
  1886 | D:3      | Reached XP level 4. HP: 38/41 MP: 3/3
  2178 | D:3      | Reached XP level 5. HP: 47/47 MP: 4/4
  2349 | D:3      | Reached *** piety under Trog
  2524 | D:3      | Noticed Jessica
  2544 | D:3      | Killed Jessica
  3201 | D:4      | Found a staircase to the Ecumenical Temple.
  3357 | D:4      | Reached XP level 6. HP: 55/55 MP: 5/5
  4030 | D:5      | Entered Level 5 of the Dungeon
  4069 | D:5      | Reached skill level 5 in Fighting
  4144 | D:5      | Found Gaur's Book Boutique.
  4317 | D:5      | You fall through a shaft!
  4389 | D:6      | Reached XP level 7. HP: 45/61 MP: 6/6
  4390 | D:6      | Reached **** piety under Trog
  4943 | D:6      | Found a glowing drain.
  4992 | Sewer    | Entered a sewer
  5662 | D:6      | Noticed Sigmund
  5681 | D:6      | Killed Sigmund
  5681 | D:6      | Reached skill level 6 in Fighting
  5681 | D:6      | Reached skill level 5 in Armour
  5979 | D:6      | Reached XP level 8. HP: 69/70 MP: 7/7
  6002 | D:6      | Reached skill level 5 in Dodging
  6290 | D:6      | Reached skill level 5 in Maces & Flails
  6417 | D:7      | Noticed Joseph
  6433 | D:7      | Killed Joseph
  6433 | D:7      | Reached skill level 7 in Fighting
  6545 | D:7      | Found Dofy's Food Shoppe.
  6559 | D:7      | Bought a ration for 60 gold pieces
  6559 | D:7      | Bought a ration for 60 gold pieces
  6559 | D:7      | Bought a ration for 60 gold pieces
  6559 | D:7      | Bought a ration for 60 gold pieces
  6559 | D:7      | Bought a ration for 60 gold pieces
  6559 | D:7      | Bought a ration for 60 gold pieces
  6559 | D:7      | Bought a ration for 60 gold pieces
  6756 | D:7      | Reached XP level 9. HP: 73/79 MP: 8/8
  6814 | D:7      | Reached skill level 5 in Throwing
  7031 | D:7      | Found a sparkling altar of Nemelex Xobeh.
  7285 | D:7      | Received a gift from Trog
  7459 | D:7      | Found a runed translucent door.
  7460 | D:7      | Noticed Crazy Yiuf
  7575 | D:7      | Killed Crazy Yiuf
  7903 | D:8      | Noticed Psyche
  7915 | D:8      | Killed Psyche
  7915 | D:8      | Reached skill level 8 in Fighting
  7985 | D:8      | Got a bloodstained trident
  8073 | D:8      | Found Luig Zomp's Food Shop.
  8124 | D:8      | Reached skill level 1 in Shields
  8135 | D:8      | Noticed Erica
  8135 | D:8      | Noticed Harold
  8142 | D:8      | Reached XP level 10. HP: 43/90 MP: 9/9
  8514 | D:8      | Killed Erica
  8687 | D:8      | Received a gift from Trog
  8758 | D:8      | Killed Harold
  9192 | D:9      | Noticed a two-headed ogre
  9207 | D:9      | Killed a two-headed ogre
  9207 | D:9      | Reached skill level 9 in Fighting
  9207 | D:9      | Reached skill level 5 in Shields
  9956 | D:9      | Reached ***** piety under Trog
 10218 | D:9      | Noticed a two-headed ogre
 10228 | D:9      | Killed a two-headed ogre
 10228 | D:9      | Reached XP level 11. HP: 60/97 MP: 10/10
 10485 | D:10     | Entered Level 10 of the Dungeon
 10603 | D:10     | Killed an unseen horror
 10867 | D:10     | Noticed Sonja
 11213 | D:10     | Found a staircase to the Orcish Mines.
 11222 | D:10     | Received a gift from Trog
 11485 | Orc:1    | Entered Level 1 of the Orcish Mines
 11487 | Orc:1    | Noticed an orc knight
 11496 | Orc:1    | Noticed Jorgrun
 11500 | Orc:1    | Killed an orc knight
 12050 | D:10     | Noticed Urug
 12080 | D:10     | Killed Urug
 12080 | D:10     | Reached skill level 10 in Fighting
 12255 | D:10     | Received a gift from Trog
 12483 | D:10     | Paralysed by a hornet for 2 turns
 12745 | Orc:1    | HP: 5/148 [Jorgrun/+0 quarterstaff of crushing (4)]
 12745 | Orc:1    | Slain by Jorgrun

Skill      XL: |  1  2  3  4  5  6  7  8  9 10 11 |
---------------+----------------------------------+-----
Axes           | 4 |  4.4
Fighting       | 4 5 6 7 8 9 10 | 10.1
Maces & Flails | 1 2 3 4 5 6 7 8 |  8.7
Throwing       | 1 2 3 4 6 7 |  7.8
Armour         | 3 4 5 6 7 8 9 |  9.5
Dodging        | 3 4 6 7 8 |  8.9
Staves         | 3 |  3.3
Shields        | 2 6 8 |  8.1

Action                   |  1- 3 |  4- 6 |  7- 9 | 10-12 || total
-------------------------+-------+-------+-------+-------++-------
Melee: Hand axe          |    34 |       |       |       ||    34
       Headbutt          |     7 |    21 |    42 |    83 ||   153
       Mace              |    54 |    73 |       |       ||   127
       Flail             |       |    16 |   147 |   355 ||   518
       Quarterstaff      |       |       |    24 |       ||    24
 Fire: Hunting sling     |    20 |   106 |   131 |   159 ||   416
Throw: Stone             |    86 |    13 |       |       ||    99
Invok: Berserk           |     1 |     1 |     9 |    12 ||    23
       Brothers in Arms  |       |       |       |     2 ||     2
  Use: Scroll            |     6 |     6 |     7 |     3 ||    22
       Potion            |     2 |     2 |     3 |     3 ||    10
  Eat: Ration            |     1 |     3 |     6 |     7 ||    17
       Chunk             |       |       |       |     2 ||     2
Armor: Animal skin       |    13 |       |       |       ||    13
       Plate armour      |    27 |    71 |   158 |   121 ||   377
       Ring mail         |    12 |       |       |       ||    12
Dodge: Dodged            |    51 |    32 |    87 |    51 ||   221
Block: Large shield      |       |       |    47 |   277 ||   324
